 Dungeon Crawl Stone Soup version 0.27.1 (webtiles) character file.

Game seed: 8069270066512543470

368 MajorAdolf the Sneak (level 6, -2/52 HPs)
             Began as a Naga Wanderer on Aug 22, 2021.
             Was an Initiate of Gozag.
             Slain by a vampire (6 damage)
             ... on level 5 of the Dungeon.
             The game lasted 00:07:19 (6984 turns).

MajorAdolf the Sneak (Naga Wanderer)                Turns: 6984, Time: 00:07:19

Health: -2/52      AC:  7    Str: 15    XL:     6   Next: 69%
Magic:  4/13       EV:  9    Int: 20    God:    Gozag
Gold:   338        SH:  0    Dex: 10    Spells: 10/14 levels left

rFire    . . .     SeeInvis +   a - +0 spear
rCold    . . .     Faith    .   (no shield)
rNeg     . . .     Spirit   .   c - +0 robe
rPois    +         Reflect  .   (no helmet)
rElec    .         Harm     .   (no cloak)
rCorr    .         Rampage  .   (no gloves)
Will     .....                  (no barding)
Stlth    +++.......             (no amulet)
HPRegen  0.17/turn              k - +6 ring of intelligence
MPRegen  0.13/turn              l - +4 ring of protection

@: very slow
A: AC +2, large, see invisible, deformed body, poison resistance, slowness 2,
spit poison 1, naga tail 1
a: Spit Poison, Renounce Religion, Potion Petition, Call Merchant, Bribe Branch


You were on level 5 of the Dungeon.
You worshipped Gozag.
Gozag was aware of your devotion.
You visited 1 branch of the dungeon, and saw 5 of its levels.

You collected 366 gold pieces.
You paid 28 gold pieces to Gozag.

Inventory:

Hand Weapons
 a - a +0 spear (weapon)
 d - a +0 dagger
Armour
 c - a +0 robe (worn)
 i - a +1 barding of flying
Jewellery
 k - a +6 ring of intelligence (left hand)
 l - a +4 ring of protection (right hand)
 s - a ring of positive energy
Scrolls
 f - a scroll of amnesia
 j - 4 scrolls of identify
 m - a scroll of enchant weapon
 p - a scroll of fear {unknown}
 q - a scroll of noise {unknown}
Potions
 b - 2 potions of curing
 e - 2 potions of flight {unknown}
 g - a potion of cancellation {unknown}
 h - a potion of brilliance {unknown}
 r - a potion of invisibility {unknown}
 t - a potion of magic {unknown}


   Skills:
 - Level 2.0 Fighting
 + Level 5.7 Stealth
 + Level 4.8 Spellcasting
 + Level 3.0 Conjurations
 - Level 1.0 Transmutations
 + Level 2.2 Air Magic
 + Level 3.2 Poison Magic
 - Level 1.0 Evocations


You had 10 spell levels left.
You knew the following spells:

 Your Spells              Type           Power      Damage    Failure   Level
a - Magic Dart            Conj           64%        1d6       3%          1
b - Mephitic Cloud        Conj/Pois/Air  16%        N/A       11%         3

Your spell library contained the following spells:

 Spells                   Type           Power      Damage    Failure   Level
 Blink                    Tloc           N/A        N/A       19%         2
 Call Imp                 Summ           4%         N/A       19%         2
 Slow                     Hex            4%         N/A       19%         2
 Conjure Flame            Conj/Fire      10%        6-21      19%         3


Dungeon Overview and Level Annotations

Branches:
Dungeon (5/15)
 Temple: D:4-7

Altars:
Cheibriados
Dithmenos
Elyvilon
Fedhas
Gozag
Kikubaaqudgha
Nemelex Xobeh
Okawaru

Annotations:
D:5 Blork the orc


Innate Abilities, Weirdness & Mutations

Your serpentine skin is tough. (AC +2)
You have supernaturally acute eyesight. (SInv)
Armour fits poorly on your strangely shaped body.
Your system is resistant to poisons. (rPois)
You cover ground very slowly.
You can spit poison.
You have a snake-like lower body.


Message History

The centaur is lightly wounded.
The centaur says, "I'm a little confused."
The centaur hits you.
The centaur kicks you but does no damage.
Blork the orc is engulfed in noxious fumes.
Blork the orc appears confused.
Blork the orc completely misses the centaur.
Blork the orc hits himself but does no damage.
The centaur barely misses you. The centaur misses you.
The centaur barely misses you. The centaur kicks you.
Blork the orc is engulfed in noxious fumes.
You are too injured to fight recklessly!
Unknown command.
You strike the helpless centaur from behind!
You hit the centaur.
The centaur is lightly wounded.
The centaur hits you but does no damage.
The centaur kicks you but does no damage.
The centaur barely misses you.
The centaur kicks you but does no damage.
A vampire comes into view.
Blork the orc gestures wildly.
The centaur gestures wildly.
Okay, then.
Okay, then.
The vampire hits you. The vampire bites you.
* * * LOW HITPOINT WARNING * * *
The vampire draws strength from your injuries!
The vampire hits you.
* * * LOW HITPOINT WARNING * * *
The vampire barely misses you. The vampire barely misses you. x2
The vampire hits you!
* * * LOW HITPOINT WARNING * * *
The vampire bites you but does no damage.
The centaur hits Blork the orc.
The centaur kicks Blork the orc but does no damage.
The vampire hits you.
You die...
Your body crumbles into a pile of gold.

#...#
#.......#
#...#
#.......#
#.......#
#...?...##
#....c...#
######...#
#o..#
#V..####.
#@.......
#.......#####
#.###...#
#####


You could see a vampire, Blork the orc (confused) and a centaur (confused).

Vanquished Creatures
  A black bear (D:3)
  A centaur zombie (D:5)
  A bullfrog zombie (D:4)
  A jelly (D:4)
  A bullfrog skeleton (D:4)
  5 adders
  A white imp (D:3)
  2 worms (D:2)
  7 ball pythons
  7 endoplasms
  2 giant cockroaches
  7 hobgoblins
  10 jackals
  5 quokkas
  5 bats
  A frilled lizard (D:1)
  10 goblins
  9 kobolds
  7 rats
83 creatures vanquished.

Vanquished Creatures (others)
  198 plants
198 creatures vanquished.

Grand Total: 281 creatures vanquished

Notes
Turn   | Place    | Note
-------+----------+-------------------------------------------
     0 | D:1      | MajorAdolf the Naga Wanderer began the quest for the Orb.
     0 | D:1      | MajorAdolf set off with the following items: a +0 spear, a
                  | potion of curing, a +0 robe, a +0 dagger; and the following
                  | spell memorised: Magic Dart; and the following spells
                  | available to memorise: Blink, Call Imp, Slow, Conjure
                  | Flame, Mephitic Cloud
     0 | D:1      | Reached XP level 1. HP: 19/19 MP: 5/5
   377 | D:1      | Reached XP level 2. HP: 26/26 MP: 0/7
  1068 | D:1      | Reached skill level 1 in Conjurations
  1343 | D:1      | Found a faded altar of an unknown god.
  1824 | D:1      | Reached XP level 3. HP: 32/32 MP: 3/8
  1974 | D:1      | Reached skill level 4 in Stealth
  2678 | D:2      | Learned a level 3 spell: Mephitic Cloud
  3464 | D:2      | Reached XP level 4. HP: 39/39 MP: 5/10
  3641 | D:2      | Reached skill level 1 in Poison Magic
  4430 | D:3      | Found an opulent altar of Gozag.
  4430 | D:3      | Found a blossoming altar of Fedhas.
  4575 | D:3      | Became a worshipper of Gozag Ym Sagoz the Greedy
  4876 | D:3      | Reached skill level 1 in Air Magic
  4904 | D:3      | Found a shadowy altar of Dithmenos.
  4913 | D:3      | Found a sparkling altar of Nemelex Xobeh.
  4914 | D:3      | Found an ancient bone altar of Kikubaaqudgha.
  4917 | D:3      | Found an iron altar of Okawaru.
  5467 | D:3      | Reached XP level 5. HP: 37/45 MP: 5/11
  5689 | D:4      | Noticed a black bear
  5712 | D:3      | Killed a black bear
  5713 | D:3      | Reached skill level 5 in Stealth
  5713 | D:3      | Reached XP level 6. HP: 37/52 MP: 6/13
  6075 | D:4      | Found a snail-covered altar of Cheibriados.
  6660 | D:5      | Entered Level 5 of the Dungeon
  6818 | D:5      | Found a white marble altar of Elyvilon.
  6950 | D:5      | Identified a scroll of acquirement
  6950 | D:5      | Acquired a +1 barding of flying
  6956 | D:5      | Noticed Blork the orc
  6979 | D:5      | Noticed a vampire
  6984 | D:5      | Slain by a vampire

Illustrated notes

Levels and vault maps discovered:
D:1:      roderic_crop_circles_arrival_large, layout_loops_ring,
          dreamdust_ecumenical_altar_statues
D:2:      layout_rooms, grunt_ministairs_11, glass_columns_c
D:3:      layout_loops_ring, minitemple, gammafunk_temple_overflow_elements
D:4:      layout_cave_pools, mainiacjoe_overflow_chevrons,
          kennysheep_generic_room_13
D:5:      layout_basic, mainiacjoe_overflow_24_doors,
          minmay_temple_entry_purple_smoke, st_stairs_9, grunt_ministairs_5,
          uniq_sigmund, uniq_blork_the_orc

Skill      XL: |  1  2  3  4  5  6 |
---------------+-------------------+-----
Conjurations   | 1 2 3 |  3.0
Stealth        | 4 5 |  5.7
Poison Magic   | 1 2 3 |  3.2
Air Magic      | 1 2 |  2.2
Fighting       | |  2.0
Spellcasting   | |  4.8
Transmutations | |  1.0
Evocations     | |  1.0

Action                   |  1- 3 |  4- 6 || total
-------------------------+-------+-------++-------
Melee: Spear             |    36 |    23 ||    59
 Cast: Magic Dart        |   104 |   150 ||   254
       Mephitic Cloud    |       |     3 ||     3
 Abil: Spit Poison       |    12 |     6 ||    18
  Use: Potion            |     1 |     1 ||     2
       Scroll            |       |     5 ||     5
 Stab: Sleeping          |       |     1 ||     1
       Confused          |       |     2 ||     2
Armor: Robe              |     5 |    71 ||    76
Dodge: Dodged            |    33 |    83 ||   116
